 Dungeon Sprint DCSS version 0.21.0-26-g889b8f6 (webtiles) character file.

76934 wojtek the Executioner (level 14, -26/145 (148) HPs)
             Began as a Minotaur Berserker on Jan 27, 2018.
             Was the Champion of Trog.
             Killed from afar by Roxanne (41 damage)
             ... with an iron shot
             ... in the Dungeon (Sprint III: "The Ten Rune Challenge").
             The game lasted 00:20:38 (7171 turns).

wojtek the Executioner (Minotaur Berserker)         Turns: 7171, Time: 00:20:39

HP:   -26/145 (148) AC: 25    Str: 27    XL:     14   Next: 14%
MP:   13/13         EV: 18    Int:  7    God:    Trog [******]
Gold: 2583          SH:  2    Dex: 13    Spells: 13/13 levels left

rFire    + . .     SeeInvis +   k - +3 battleaxe of the People {flame, rElec Dex+3}
rCold    . . .     Gourm    .   (shield currently unavailable)
rNeg     + . .     Faith    .   w - +0 plate armour
rPois    .         Spirit   .   x - +1 hat {Int+3}
rElec    +         Reflect  +   S - +1 cloak {+Inv}
rCorr    .         Harm     .   R - +1 pair of gloves of Qystret {+Fly}
MR       +....     NoTele   +   (no boots)
Stlth    ..........             Q - amulet of the Thirteen Queens {Reflect rN+ SH+2 SInv}
HPRegen  0.34/turn              E - ring of protection from fire
MPRegen  0.13/turn              (no ring)

@: no status effects
A: retaliatory headbutt, horns 2
}: 2/10 runes: decaying, serpentine
a: Berserk, Trog's Hand, Brothers in Arms, Burn Spellbooks, Renounce Religion,
Evoke Invisibility, Evoke Flight


You were in the Dungeon.
You worshipped Trog.
Trog was exalted by your worship.
You were not hungry.

You visited 1 branch You collected 3882 gold pieces.
You spent 1299 gold pieces at shops.

Inventory:

Hand Weapons
 a - a +4 battleaxe of venom
 b - a +2 antimagic executioner's axe
 k - the +3 battleaxe of the People (weapon) {flame, rElec Dex+3}
   (Trog gifted it to you in the Dungeon)

   It has been specially enchanted to burn those struck by it, causing extra
   injury to most foes and up to half again as much damage against particularly
   susceptible opponents.
   Big, fiery blades are also staple armaments of hydra-hunters.
   It affects your dexterity (+3).
   It insulates you from electricity.
 r - a +2 antimagic battleaxe
 z - a +3 battleaxe of freezing
 A - a +5 antimagic battleaxe
 B - a +4 antimagic battleaxe
 D - a +2 antimagic battleaxe
 M - a +4 executioner's axe of chopping
 O - a +4 executioner's axe of electrocution
 P - a +0 antimagic battleaxe
Missiles
 l - 6 throwing nets
 y - 8 tomahawks (quivered)
 C - 4 steel javelins
Armour
 w - a +0 plate armour (worn)
 x - a +1 hat of intelligence (worn)
 F - +0 swamp dragon scales
 R - the +1 pair of gloves of Qystret (worn) {+Fly}
   (You bought it in a shop in the Dungeon)

   It lets you fly.
 S - a +1 cloak of invisibility (worn)
Jewellery
 E - a ring of protection from fire (left hand)
 G - an uncursed ring of ice
 J - an uncursed ring of ice
 Q - the amulet of the Thirteen Queens (around neck) {Reflect rN+ SH+2 SInv}
   (You bought it in a shop in the Dungeon)

   [amulet of reflection]

   It shields you and reflects attacks.
   It protects you from negative energy.
   It lets you see invisible.
   It affects your SH (+2).
Wands
 t - a wand of acid (12)
 I - a wand of disintegration (15)
Scrolls
 i - a scroll of blinking
 j - 2 scrolls of remove curse
 m - 2 scrolls of immolation {unknown}
 n - 5 scrolls of identify
 p - a scroll of enchant weapon {unknown}
 H - 2 scrolls of enchant armour {unknown}
Potions
 d - 3 potions of curing
 e - 4 potions of heal wounds
 f - a potion of haste
 g - 2 potions of magic
 h - a potion of berserk rage
 o - 4 potions of flight
 q - 5 potions of mutation
 v - a potion of ambrosia {unknown}
 L - 2 potions of degeneration {unknown}
 N - a potion of brilliance {unknown}
Books
 s - a book of Cantrips

   Spells                             Type                      Level
   a - Confusing Touch                Hexes                        1
   b - Animate Skeleton               Necromancy                   1
   c - Summon Small Mammal            Summoning                    1
   d - Apportation                    Translocation                1
   Trog disapproves of the use of such an item.
 K - a book of Alchemy

   Spells                             Type                      Level
   a - Sublimation of Blood           Necromancy                   2
   b - Ignite Poison                  Fire/Transmutation/Poison    3
   c - Petrify                        Transmutation/Earth          4
   d - Alistair's Intoxication        Transmutation/Poison         5
   e - Irradiate                      Conjuration/Transmutation    5
   Trog disapproves of the use of such an item.
Miscellaneous
 u - a lamp of fire
Comestibles
 c - 11 rations


   Skills:
 + Level 20.1 Fighting
 * Level 26.4 Axes
 + Level 20.0 Armour
 + Level 18.6 Dodging


You had 13 spell levels left.
You didn't know any spells.

Dungeon Overview and Level Annotations

Branches:
Dungeon (1/1)

Altars:
Cheibriados
Dithmenos
Elyvilon
Fedhas
Gozag
Hepliaklqana
Kikubaaqudgha
Makhleb
Nemelex Xobeh
Okawaru
Qazlal
Ru
Sif Muna
Trog
Uskayaw
Vehumet
Wu Jian
Xom
Yredelemnul
Zin
The Shining One
Beogh
Jiyva
Lugonu

Shops:
D %=(*=!([!!}?%}[!((*==:*

Annotations:
D exclusion: Roxanne, Roxanne


Innate Abilities, Weirdness & Mutations

You reflexively headbutt those who attack you in melee.
You have a pair of horns on your head.


Message History

The crystal spear hits you!
* * * LOW HITPOINT WARNING * * *
You hit Roxanne but do no damage. You headbutt Roxanne!
Roxanne is severely damaged.
You hit Roxanne.
Roxanne is severely damaged.
Roxanne mumbles some strange words.
The iron shot hits you!
* * * LOW HITPOINT WARNING * * *
You hit Roxanne but do no damage. You headbutt Roxanne, but do no damage.
Roxanne is severely damaged.
Roxanne casts a spell.
The orb of energy misses you.
You slash Roxanne! You headbutt Roxanne, but do no damage.
Roxanne is almost destroyed.
You hit Roxanne but do no damage. You headbutt Roxanne, but do no damage.
Roxanne is almost destroyed.
Roxanne casts a spell.
The iron shot hits you!
You die...

#'###.......#####
#≈≈≈##.....##...#
#'#'###...###.#..
####.#.# ##'####.##.
..#'#####.≈≈≈+#.##.
#.#.['∩∩#.≈≈.#..##.
##.####∩∩#.≈≈.######
###...###..#..≈.#..(≈⌠
+...8@..'..'..≈≈'..#≈≈
###...###..#≈≈≈)#..#(≈
##.## #..#....#..#..
#. #..####'###### #+
#..#.#.#.#.#.#
+..'#†#.#.#.#.
#..#.#.#.#.#.#
#######▓▓▓▓▓▓▓


You could see Roxanne.

Vanquished Creatures
  the Lernaean hydra (D)
  Sigmund (D)
  Gastronok (D)
  A storm dragon (D)
  A nagaraja (D)
  A dire elephant (D)
  A mummy priest (D)
  A naga warrior (D)
  3 hydras (D)
  A centaur warrior (D)
  Erica (D)
  4 anacondas (D)
  4 death yaks (D)
  Urug (D)
  2 skeletal warriors (D)
  An unseen horror (D)
  A death drake (D)
  A spriggan druid (D)
  An obsidian statue (D)
  2 swamp dragons (D)
  A lindwurm (D)
  A spectral iron dragon (D)
  2 oklob plants (D)
  A deep elf mage (D)
  4 crystal guardians (D)
  A guardian serpent (D)
  6 black mambas (D)
  2 statues (D)
  Edmund (D)
  A rime drake (D)
  2 spiny frogs (D)
  A komodo dragon (D)
  3 wandering mushrooms (D)
  A queen bee (D)
  2 tyrant leeches (D)
  3 hornets (D)
  8 blink frogs (D)
  2 orc high priests (D)
  3 slime creatures (D)
  2 spriggans (D)
  A shadow (D)
  3 redbacks (D)
  A spatial vortex (D)
  An iron troll simulacrum (D)
  2 nagas (D)
  A hydra simulacrum (D)
  4 water moccasins (D)
  3 swamp drakes (D)
  A fire dragon simulacrum (D)
  A necrophage (D)
  2 centaurs (D)
  An earth elemental (D)
  A water elemental (D)
  32 killer bees (D)
  5 electric eels (D)
  A jelly (D)
  3 orc priests (D)
  Crazy Yiuf (D)
  A wizard (D)
  Jessica (D)
  A necromancer (D)
  2 polar bear simulacra (D)
  3 humans (D)
  A kobold demonologist (D)
  4 adders (D)
  2 oozes (D)
  3 orcs (D)
  A rat (D)
  2 ballistomycetes (D)
  6 plants (D)
168 creatures vanquished.

Vanquished Creatures (collateral kills)
  Rupert (D)
  A dire elephant (D)
  An orc high priest (D)
  3 orc knights (D)
  2 elephants (D)
  3 orc warriors (D)
  An orc priest (D)
  6 orcs (D)
18 creatures vanquished.

Vanquished Creatures (others)
  Nikola (D)
  2 draconian scorchers (D)
  2 statues (D)
  6 hellions (D)
  3 yaktaurs (D)
  5 ball lightnings (D)
  A ballistomycete (D)
  3 ballistomycete spores (D)
  10 plants (D)
33 creatures vanquished.

Grand Total: 219 creatures vanquished

Notes
Turn   | Place    | Note
-------+----------+-------------------------------------------
     0 | D        | wojtek the Minotaur Berserker began the quest for the Orb.
     0 | D        | Reached XP level 1. HP: 19/19 MP: 0/0
     9 | D        | Reached skill level 4 in Axes
    13 | D        | Reached XP level 2. HP: 21/27 MP: 1/1
    44 | D        | Reached ** piety under Trog
    64 | D        | Noticed Jessica
    72 | D        | Killed Jessica
    72 | D        | Reached skill level 5 in Fighting
    72 | D        | Reached skill level 6 in Axes
    72 | D        | Reached XP level 3. HP: 3/36 MP: 2/2
    88 | D        | Killed a hellion
    90 | D        | Killed a hellion
   120 | D        | Killed a hellion
   136 | D        | Killed a hellion
   143 | D        | Killed a white draconian scorcher
   164 | D        | Killed a hellion
   164 | D        | Killed a hellion
   230 | D        | Killed a white draconian scorcher
   363 | D        | Killed a yaktaur
   382 | D        | Noticed Crazy Yiuf
   385 | D        | Killed Crazy Yiuf
   393 | D        | Reached *** piety under Trog
   393 | D        | Reached skill level 7 in Axes
   393 | D        | Reached skill level 5 in Armour
   393 | D        | Reached XP level 4. HP: 31/44 MP: 3/3
   528 | D        | Noticed a water elemental
   534 | D        | Killed a water elemental
   534 | D        | Reached skill level 8 in Axes
   534 | D        | Reached skill level 5 in Dodging
   534 | D        | Reached XP level 5. HP: 51/51 MP: 4/4
   580 | D        | Found a radiant altar of Vehumet.
   581 | D        | Found a deep blue altar of Sif Muna.
   581 | D        | Found an ancient bone altar of Kikubaaqudgha.
   586 | D        | Noticed a sun demon
   586 | D        | Reached **** piety under Trog
   586 | D        | Reached skill level 9 in Axes
   682 | D        | Found a glowing silver altar of Zin.
   683 | D        | Found a glowing golden altar of the Shining One.
   683 | D        | Found a white marble altar of Elyvilon.
   683 | D        | Noticed a deep elf mage
   691 | D        | Killed a deep elf mage
   691 | D        | Reached skill level 12 in Axes
   691 | D        | Reached XP level 6. HP: 9/63 MP: 5/5
   691 | D        | Reached XP level 7. HP: 10/70 MP: 6/6
   977 | D        | Found a hide-covered altar of Uskayaw.
   977 | D        | Found an iron altar of Okawaru.
   978 | D        | Found a roughly hewn altar of Beogh.
   978 | D        | Found a bloodstained altar of Trog.
   978 | D        | Found an ornate altar of the Wu Jian Council.
   978 | D        | Noticed a human
   978 | D        | Noticed a human
   981 | D        | Reached ***** piety under Trog
   984 | D        | Killed a human
   984 | D        | Received a gift from Trog
   986 | D        | Killed a human
  1037 | D        | Found a shadowy altar of Dithmenos.
  1043 | D        | Reached skill level 13 in Axes
  1047 | D        | Reached skill level 10 in Fighting
  1048 | D        | Found a basalt altar of Yredelemnul.
  1048 | D        | Found a sacrificial altar of Ru.
  1073 | D        | Noticed a shadow
  1074 | D        | Killed a shadow
  1074 | D        | Reached XP level 8. HP: 78/78 MP: 7/7
  1077 | D        | Reached skill level 10 in Armour
  1085 | D        | Found a blossoming altar of Fedhas.
  1085 | D        | Found a stormy altar of Qazlal.
  1085 | D        | Found a snail-covered altar of Cheibriados.
  1085 | D        | Found a burning altar of Makhleb.
  1085 | D        | Found a shimmering altar of Xom.
  1086 | D        | Found a hazy altar of Hepliaklqana.
  1086 | D        | Found an opulent altar of Gozag.
  1086 | D        | Found a sparkling altar of Nemelex Xobeh.
  1086 | D        | Found a corrupted altar of Lugonu.
  1086 | D        | Found a viscous altar of Jiyva.
  1221 | D        | Noticed Erica
  1230 | D        | Killed Erica
  1230 | D        | Received a gift from Trog
  1230 | D        | Reached skill level 14 in Axes
  1230 | D        | Reached skill level 10 in Dodging
  1300 | D        | Reached XP level 9. HP: 45/88 MP: 8/8
  1477 | D        | Noticed an orc knight
  1483 | D        | Reached skill level 15 in Axes
  1490 | D        | Noticed an orc high priest
  1491 | D        | Killed an orc high priest
  1496 | D        | Noticed an orc knight
  1497 | D        | Noticed an orc knight
  1497 | D        | Received a gift from Trog
  1502 | D        | Killed an orc knight
  1506 | D        | Reached skill level 16 in Axes
  1508 | D        | Killed an orc knight
  1510 | D        | Killed an orc knight
  1529 | D        | Found Irghiw Tino's General Store.
  1611 | D        | Noticed a centaur warrior
  1617 | D        | Killed a centaur warrior
  1617 | D        | Received a gift from Trog
  1617 | D        | Reached XP level 10. HP: 91/99 MP: 9/9
  1620 | D        | Reached skill level 17 in Axes
  1661 | D        | Killed an unseen horror
  1714 | D        | Reached ****** piety under Trog
  1714 | D        | Received a gift from Trog
  1735 | D        | Received a gift from Trog
  1740 | D        | Got a translucent battleaxe {god gift}
  1741 | D        | Identified the +3 battleaxe of the People {flame, rElec Dex+3} (Trog gifted it to you in the Dungeon)
  1847 | D        | Received a gift from Trog
  1847 | D        | Reached skill level 18 in Axes
  1875 | D        | Received a gift from Trog
  2247 | D        | Noticed a spiny frog
  2247 | D        | Noticed a spiny frog
  2252 | D        | Killed a spiny frog
  2256 | D        | Killed a spiny frog
  2266 | D        | Reached skill level 19 in Axes
  2266 | D        | Reached XP level 11. HP: 110/110 MP: 10/10
  2321 | D        | Received a gift from Trog
  2322 | D        | Found the +4 Vampire's Tooth {vamp}
  2498 | D        | Noticed Rupert
  2501 | D        | Paralysed by Rupert for 3 turns
  2507 | D        | Killed Rupert
  2524 | D        | Noticed a dire elephant
  2526 | D        | Killed a dire elephant
  2526 | D        | Reached skill level 15 in Fighting
  2526 | D        | Received a gift from Trog
  2537 | D        | Noticed a dire elephant
  2537 | D        | Noticed Gastronok
  2545 | D        | Killed a dire elephant
  2545 | D        | Reached skill level 20 in Axes
  2545 | D        | Reached skill level 15 in Armour
  2555 | D        | Killed Gastronok
  2563 | D        | Noticed an azure jelly
  2563 | D        | Noticed an azure jelly
  2563 | D        | Noticed an azure jelly
  2568 | D        | Noticed an azure jelly
  2649 | D        | Noticed a death yak
  2649 | D        | Noticed a death yak
  2662 | D        | Killed a death yak
  2701 | D        | Reached skill level 21 in Axes
  2711 | D        | Killed a death yak
  2711 | D        | Received a gift from Trog
  2713 | D        | Reached XP level 12. HP: 97/121 MP: 11/11
  2715 | D        | Noticed a death yak
  2719 | D        | Noticed a death yak
  2725 | D        | Killed a death yak
  2729 | D        | Killed a death yak
  2729 | D        | Reached skill level 15 in Dodging
  2942 | D        | Received a gift from Trog
  2954 | D        | Noticed an anaconda
  2965 | D        | Killed an anaconda
  2965 | D        | Reached skill level 22 in Axes
  2966 | D        | Received a gift from Trog
  3196 | D        | Noticed an anaconda
  3199 | D        | Killed an anaconda
  3212 | D        | Noticed an anaconda
  3221 | D        | Killed an anaconda
  3222 | D        | Noticed an anaconda
  3230 | D        | Killed an anaconda
  3434 | D        | Noticed a naga warrior
  3434 | D        | Noticed a nagaraja
  3455 | D        | Killed a naga warrior
  3455 | D        | Received a gift from Trog
  3462 | D        | Killed a nagaraja
  3524 | D        | Found Deebal's Food Boutique.
  3524 | D        | Found Ingurchum's Jewellery Emporium.
  3545 | D        | Found Emizik's Antique Weapon Shop.
  3564 | D        | Got a serpentine rune of Zot
  3806 | D        | Received a gift from Trog
  3806 | D        | Reached skill level 23 in Axes
  4116 | D        | Noticed Urug
  4121 | D        | Killed Urug
  4191 | D        | Noticed a seven-headed hydra
  4191 | D        | Noticed a seven-headed hydra
  4197 | D        | Killed a five-headed hydra
  4197 | D        | Received a gift from Trog
  4199 | D        | Killed a four-headed hydra
  4199 | D        | Reached XP level 13. HP: 98/133 MP: 12/12
  4612 | D        | Received a gift from Trog
  4811 | D        | Found a blossoming altar of Fedhas.
  4914 | D        | Received a gift from Trog
  4983 | D        | Found Xeken's Jewellery Emporium.
  4983 | D        | Found Xuub's Distillery.
  4983 | D        | Found Qoicu's Antique Weapon Shoppe.
  5187 | D        | Noticed the 27-headed Lernaean hydra
  5191 | D        | Killed the 23-headed Lernaean hydra
  5191 | D        | Reached skill level 24 in Axes
  5198 | D        | Got a decaying rune of Zot
  5212 | D        | Bought an uncursed ring of protection from fire for 325 gold pieces
  5212 | D        | Bought an uncursed ring of ice for 325 gold pieces
  5252 | D        | Received a gift from Trog
  5498 | D        | Noticed Sigmund
  5498 | D        | Noticed Edmund
  5508 | D        | Killed Edmund
  5511 | D        | Killed Sigmund
  5612 | D        | Reached skill level 25 in Axes
  5614 | D        | Received a gift from Trog
  5688 | D        | Received a gift from Trog
  5704 | D        | Found Epliang's Weapon Emporium.
  5704 | D        | Found Jymam's General Store.
  5704 | D        | Found Munt's Antique Armour Boutique.
  5704 | D        | Found Xoem's Assorted Antiques.
  5704 | D        | Found Mutae's Distillery.
  5704 | D        | Found Isuate's Antique Weapon Emporium.
  5704 | D        | Found Leihut's Gadget Shoppe.
  5704 | D        | Found Empey's Book Shop.
  5704 | D        | Found Itaufeu's Food Shop.
  5704 | D        | Found Jerrur's Jewellery Emporium.
  5704 | D        | Found Loiteroepn's Magic Scroll Emporium.
  5704 | D        | Found Guasilolou's Jewellery Boutique.
  5739 | D        | Bought a pair of glowing gloves for 210 gold pieces
  5752 | D        | Bought the amulet of the Thirteen Queens {Reflect rN+ SH+2 SInv} for 297 gold pieces
  5756 | D        | Bought a pair of brightly glowing gloves for 142 gold pieces
  5766 | D        | Identified the +1 pair of gloves of Qystret {+Fly} (You bought it in a shop in the Dungeon)
  6334 | D        | Found Naip's Armour Emporium.
  6334 | D        | Found Xaof's Distillery.
  6334 | D        | Found Locvad's Distillery.
  6334 | D        | Found Peypt's Gadget Shoppe.
  6473 | D        | Received a gift from Trog
  6604 | D        | Noticed Nikola
  6604 | D        | Noticed a storm dragon
  6612 | D        | Killed a storm dragon
  6629 | D        | Killed Nikola
  6629 | D        | Reached skill level 26 in Axes
  6629 | D        | Reached XP level 14. HP: 89/144 MP: 13/13
  6851 | D        | Received a gift from Trog
  7155 | D        | Noticed Roxanne
  7171 | D        | Killed from afar by Roxanne

Skill      XL: |  1  2  3  4  5  6  7  8  9 10 11 12 13 14 |
---------------+-------------------------------------------+-----
Fighting       | 4 5 6 9 10 11 12 14 16 17 19 20 | 20.1
Axes           | 4 6 7 8 12 13 14 16 19 21 23 26 | 26.4
Armour         | 3 4 5 8 9 11 12 14 15 17 19 20 | 20.0
Dodging        | 3 4 5 7 9 10 11 13 14 16 18 | 18.6

Action                   |  1- 3 |  4- 6 |  7- 9 | 10-12 | 13-15 || total
-------------------------+-------+-------+-------+-------+-------++-------
Melee: Hand axe          |    16 |    10 |     4 |       |       ||    30
       Headbutt          |     4 |     2 |    14 |    55 |    69 ||   144
       Broad axe         |       |       |    29 |       |       ||    29
       Battleaxe         |       |       |    12 |   271 |   203 ||   486
Invok: Berserk           |     1 |     3 |       |     1 |     2 ||     7
       Burn Spellbooks   |       |       |     1 |       |       ||     1
       Brothers in Arms  |       |       |     2 |     1 |     3 ||     6
  Use: Scroll            |       |       |       |       |     1 ||     1
 Stab: Distracted        |       |       |       |       |     1 ||     1
  Eat: Chunk             |       |     2 |     1 |     4 |       ||     7
       Ration            |       |       |     1 |     2 |     4 ||     7
Armor: Animal skin       |     2 |       |     1 |       |       ||     3
       Chain mail        |       |       |     4 |       |       ||     4
       Plate armour      |       |       |     4 |    98 |    68 ||   170
Dodge: Dodged            |     5 |     4 |    10 |   157 |   103 ||   279
Block: Other             |       |       |       |       |     4 ||     4
